 Dungeon Crawl Stone Soup version 0.26.1 (webtiles) character file.

Game seed: 12555082664272737471

225608 promet the Martial Artist (level 19, -5/136 HPs)
             Began as a Gnoll Monk on Feb 1, 2021.
             Was the Champion of Yredelemnul.
             Killed from afar by an acid blob (9 damage)
             ... with a splash of acid
             ... on level 2 of the Pits of Slime on Feb 5, 2021.
             The game lasted 10:49:04 (67462 turns).

promet the Martial Artist (Gnoll Monk)             Turns: 67462, Time: 10:49:05

Health: -5/136     AC:  2    Str: 17    XL:     19   Next: 33%
Magic:  35/35      EV: 21    Int: 19    God:    Yredelemnul [******]
Gold:   790        SH: 21    Dex: 24    Spells: 7/43 levels left

rFire    . . .     SeeInvis +   H - +9 trident "Dragonslayer" {flame, +Rage rPois rF- Str+2 Int+3}
rCold    . . .     Faith    .   A - +2 tower shield
rNeg     . . .     Spirit   .   Q - +3 ring mail of Zeysy {Dex+3}
rPois    +         Reflect  .   (helmet restricted)
rElec    .         Harm     .   P - scarf {repulsion}
rCorr    .         Rampage  .   (no gloves)
Will     +....                  e - +2 pair of boots {Fly}
Stlth    +++++.....             v - amulet of regeneration
HPRegen  0.72/turn              V - +4 ring of protection
MPRegen  0.24/turn              L - ring of Darkness {rF+ Str-3 Int+2 Dex+3 SInv}

@: about to teleport, corroded, flying, repel missiles
A: distributed training, fangs 1, hooves 1, horns 1, deterioration 1, dopey 1,
frail 1, strong nose
}: 1/15 runes: serpentine
a: Stop Flying, Renounce Religion, Evoke Berserk Rage, Recall Undead Slaves,
Injury Mirror, Animate Dead, Drain Life, Enslave Soul


You were on level 2 of the Pits of Slime.
You worshipped Yredelemnul.
Yredelemnul was exalted by your worship.
You visited 7 branches of the dungeon, and saw 33 of its levels.

You collected 3327 gold pieces.
You spent 2537 gold pieces at shops.

Inventory:

Hand Weapons
 a - a +4 rapier of venom
 b - a +4 hunting sling
 k - a +5 long sword of venom
 t - the +9 great sword of Urgency {freeze, Int+3}
   (You found it on level 1 of the Vaults)

   It has been specially enchanted to freeze those struck by it, causing extra
   injury to most foes and up to half again as much damage against particularly
   susceptible opponents.
   It can also slow down cold-blooded creatures.
   It affects your intelligence (+3).
 w - a +0 hand crossbow
 B - the +8 whip of Twilight {flame, rN+ Dex+3}
   (You found it on level 6 of the Dungeon)

   It has been specially enchanted to burn those struck by it, causing extra
   injury to most foes and up to half again as much damage against particularly
   susceptible opponents.
   It affects your dexterity (+3).
   It protects you from negative energy.
 H - the +9 trident "Dragonslayer" (weapon) {flame, +Rage rPois rF- Str+2 Int+3}
   (You took it off an ogre mage on level 12 of the Dungeon)

   It has been specially enchanted to burn those struck by it, causing extra
   injury to most foes and up to half again as much damage against particularly
   susceptible opponents.
   It affects your strength (+2).
   It affects your intelligence (+3).
   It makes you vulnerable to fire.
   It protects you from poison.
   It lets you go berserk.
 M - a +5 eveningstar of venom
 Y - a +1 longbow of flaming
Missiles
 f - 835 bolts
 u - 213 sling bullets
 x - 1335 arrows
 R - 6 curare-tipped darts
Armour
 e - a +2 pair of boots of flying (worn)
 z - +4 acid dragon scales
 A - a +2 tower shield (worn)
 P - a scarf of repulsion (worn)
 Q - the +3 ring mail of Zeysy (worn) {Dex+3}
   (You found it on level 15 of the Dungeon)

   It affects your dexterity (+3).
Magical Staves
 c - an uncursed staff of poison
 l - an uncursed staff of fire
 X - an uncursed staff of cold
Jewellery
 d - a +4 ring of evasion
 g - a +6 ring of strength
 s - a +6 ring of dexterity
 v - an amulet of regeneration (around neck)
 y - a +6 ring of intelligence
 C - an uncursed ring of ice
 E - a +6 ring of intelligence
 L - the ring of Darkness (right hand) {rF+ Str-3 Int+2 Dex+3 SInv}
   (You bought it in a shop on level 5 of the Dungeon)

   [ring of see invisible]

   It affects your strength (-3).
   It affects your intelligence (+2).
   It affects your dexterity (+3).
   It protects you from fire.
   It lets you see invisible.
 O - an uncursed ring of positive energy
 V - a +4 ring of protection (left hand)
Wands
 i - a wand of iceblast (25)
 j - a wand of flame (13)
 o - a wand of disintegration (19)
 r - a wand of polymorph (14)
 I - a wand of paralysis (18)
 T - a wand of acid (22)
 U - a wand of enslavement (10)
 W - a wand of random effects (22)
Scrolls
 m - 14 scrolls of identify
 D - a scroll of teleportation
 Z - 6 scrolls of magic mapping
Potions
 n - 3 potions of magic
 p - 2 potions of cancellation
 q - 9 potions of curing
 F - a potion of invisibility
 J - 3 potions of might
 K - 9 potions of ambrosia
 S - 5 potions of heal wounds
Miscellaneous
 h - a tin of tremorstones (2/2)
 G - a condenser vane
 N - a phial of floods


   Skills:
 + Level 14.0 Fighting
 + Level 12.7 Short Blades
 + Level 12.7 Long Blades
 + Level 12.7 Axes
 + Level 12.7 Maces & Flails
 + Level 12.7 Polearms
 + Level 12.7 Staves
 + Level 12.7 Slings
 + Level 12.7 Bows
 + Level 12.7 Crossbows
 + Level 12.7 Throwing
 + Level 12.7 Armour
 + Level 14.0 Dodging
 + Level 13.3 Stealth
 + Level 12.7 Shields
 + Level 14.0 Unarmed Combat
 + Level 12.7 Spellcasting
 + Level 10.9 Conjurations
 + Level 10.9 Hexes
 + Level 10.9 Summonings
 + Level 10.9 Necromancy
 + Level 10.9 Translocations
 + Level 10.9 Transmutations
 + Level 10.9 Fire Magic
 + Level 10.9 Ice Magic
 + Level 10.9 Air Magic
 + Level 10.9 Earth Magic
 + Level 10.9 Poison Magic
 + Level 13.7 Invocations
 + Level 12.7 Evocations


You had 7 spell levels left.
You knew the following spells:

 Your Spells              Type           Power        Failure   Level
a - Pain                  Necr           100%         1%          1
b - Ensorcelled Hibernat  Hex/Ice        100%         1%          2
c - Tukima's Dance        Hex            52%          1%          3
d - Magic Dart            Conj           100%         1%          1
e - Slow                  Hex            52%          1%          2
f - Poisonous Vapours     Pois/Air       100%         1%          2
g - Stone Arrow           Conj/Erth      100%         1%          3
h - Vampiric Draining     Necr           26%          1%          3
i - Agony                 Necr           52%          13%         5
j - Call Imp              Summ           52%          1%          2
k - Blink                 Tloc           N/A          1%          2
l - Wereblood             Tmut           52%          1%          2
m - Gell's Gravitas       Tloc           26%          1%          3
n - Bolt of Magma         Conj/Fire/Erth 26%          13%         5

Your spell library contained the following spells:

 Spells                   Type           Power        Failure   Level
 Animate Skeleton         Necr           100%         1%          1
 Beastly Appendage        Tmut           100%         1%          1
 Corona                   Hex            57%          1%          1
 Foxfire                  Conj/Fire      100%         1%          1
 Freeze                   Ice            100%         1%          1
 Sting                    Tmut/Pois      100%         1%          1
 Corpse Rot               Necr/Air       N/A          1%          2
 Confusing Touch          Hex            52%          1%          3
 Conjure Flame            Conj/Fire      52%          1%          3
 Dazzling Flash           Conj/Hex       100%         1%          3
 Ignite Poison            Fire/Tmut/Pois 52%          1%          3
 Inner Flame              Hex/Fire       52%          1%          3
 Mephitic Cloud           Conj/Pois/Air  52%          1%          3
 Portal Projectile        Hex/Tloc       100%         1%          3
 Spider Form              Tmut/Pois      26%          1%          3
 Animate Dead             Necr           26%          4%          4
 Ice Form                 Ice/Tmut       52%          4%          4
 Olgreb's Toxic Radiance  Pois           52%          4%          4
 Petrify                  Tmut/Erth      52%          4%          4
 Sticky Flame             Conj/Fire      52%          4%          4
 Blade Hands              Tmut           26%          13%         5
 Fireball                 Conj/Fire      26%          13%         5
 Lee's Rapid Deconstruct  Erth           26%          13%         5
 Metabolic Englaciation   Hex/Ice        26%          13%         5
 Summon Forest            Summ/Tloc      26%          13%         5
 Yara's Violent Unravell  Hex/Tmut       26%          13%         5
 Dispersal                Tloc           26%          58%         6
 Eringya's Noxious Bog    Tmut/Pois      26%          58%         6
 Freezing Cloud           Conj/Ice/Air   26%          58%         6
 Hydra Form               Tmut           26%          58%         6
 Statue Form              Tmut/Erth      34%          58%         6
 Summon Hydra             Summ           26%          99%         7
 Disjunction              Tloc           26%          100%        8


Dungeon Overview and Level Annotations

Branches:
Dungeon (15/15)            Temple (1/1) D:4            Lair (6/6) D:8
  Snake (4/4) Lair:3        Slime (2/5) Lair:6          Orc (2/2) D:11
    Elf (0/3) Orc:2        Vaults (3/5) D:14          Crypt (0/3) Vaults:2
 Depths (0/5) D:15
  Swamp: Lair:2-4    Shoals: Lair:2-4

Altars:
Ashenzari
Cheibriados
Dithmenos
Elyvilon
Fedhas
Gozag
Hepliaklqana
Kikubaaqudgha
Makhleb
Nemelex Xobeh
Okawaru
Qazlal
Ru
Sif Muna
Trog
Uskayaw
Vehumet
Wu Jian
Xom
Yredelemnul
Zin
The Shining One
Beogh
Jiyva

Shops:
D:5 =?!   D:11 (=*(   D:15 [   Orc:2 }(*:*   Snake:2 !*}   Vaults:1 }

Portals:
Trove: D:10 (give +7 demon blade)

Annotations:
Snake:1 1 transporter


Innate Abilities, Weirdness & Mutations

Your experience applies equally to all skills.
You have very sharp teeth.
Your uncanny sense of smell can sniff out nearby items.
You have large cloven feet.
You have a pair of small horns on your head.
Your body sometimes deteriorates upon taking damage.
You are dopey. (Int -2)
You are frail. (-10% HP)


Message History

The acid blob is severely wounded.
Your surroundings suddenly seem different.
An acid blob comes into view.
The acid blob quivers.
The acid blob spits acid at you. The splash of acid hits you!
* * * LOW HITPOINT WARNING * * *
You are splashed with acid!
* * * LOW HITPOINT WARNING * * *
The acid blob spits acid at you. The splash of acid hits you!
* * * LOW HITPOINT WARNING * * *
The acid corrodes you!
You are splashed with acid!
* * * LOW HITPOINT WARNING * * *
As you read the scroll of teleportation, it crumbles to dust.
You feel strangely unstable. The acid blob spits acid at you.
The splash of acid hits you!
You die...
Your body rises from the dead as a mindless zombie.

.............
.... ...........
.... ##J........
..... #..........
.....##..........
......#..........
.................
.................
.......@.........
.................
.................
....####...####..
.... #...# .. ..
..... . #...#.
#...###


You could see an acid blob.

Vanquished Creatures
  3 acid blobs
  Kirke (Lair:5)
  2 azure jellies
  2 vault wardens (Vaults:3)
  A ghoul (Vaults:2)
  An ironheart preserver (Vaults:2)
  Nessos (D:13)
  4 stone giants
  Azrael (D:13)
  Snorg (Lair:5)
  A deep elf death mage (Vaults:2)
  2 yaktaur captains
  A great orb of eyes (Slime:1)
  10 hydras
  Fannar (D:12)
  2 boulder beetles
  Erica (D:11)
  2 death knights
  3 centaur warriors
  An ogre mage (Vaults:3)
  2 anacondas
  6 two-headed ogres
  11 death yaks
  3 orc high priests
  3 naga sharpshooters (Snake:4)
  A shock serpent (Snake:2)
  3 unseen horrors
  A skeletal warrior (D:13)
  A deep troll (Vaults:2)
  A flayed ghost (Vaults:1)
  A naga ritualist (Snake:2)
  A wizard (Vaults:1)
  2 ironbrand convokers (Vaults:3)
  A deep elf archer (Vaults:2)
  A lindwurm (Lair:4)
  14 ugly things
  2 mana vipers
  8 orc knights
  2 deep elf magi (D:15)
  2 wolf spiders
  A manticore (D:12)
  A shining eye (Slime:2)
  2 oklob plants
  4 cyclopes
  2 orc sorcerers
  3 elephants
  3 centaur zombies
  4 salamanders
  An eye of devastation (Slime:2)
  19 black mambas
  Joseph (Lair:1)
  3 vault sentinels
  Maggie (D:9)
  3 naga magi
  7 cane toads
  2 centaur skeletons
  5 rime drakes
  2 gargoyles
  Psyche (D:10)
  5 komodo dragons
  5 yaktaurs
  A tengu conjurer (D:15)
  4 trolls
  A queen bee (shapeshifter) (D:15)
  A queen bee (D:10)
  3 hornets
  A polar bear (shapeshifter) (D:13)
  6 polar bears
  9 dream sheep
  2 blink frogs (Lair:6)
  12 slime creatures
  A snapping turtle (Lair:3)
  Sigmund (D:3)
  10 spriggans
  2 wraiths
  A vampire (Vaults:2)
  3 basilisks
  2 wyverns
  2 golden eyes (Slime:2)
  A hog (shapeshifter) (Vaults:2)
  21 yaks
  2 fire elementals (D:13)
  3 hogs (Lair:4)
  2 steam dragons
  3 vampire mosquitoes (D:15)
  5 wargs
  13 nagas
  2 acid dragons
  8 water moccasins
  A floating eye (Slime:2)
  27 orc warriors
  3 ice beasts
  3 black bears
  A boulder beetle simulacrum (Vaults:1)
  A sky beast (D:9)
  3 phantoms
  4 boggarts
  13 ogres
  22 wolves
  14 centaurs
  5 big kobolds
  Blork the orc (D:6)
  5 gnoll sergeants (D:7)
  19 bullfrogs
  2 wyvern skeletons
  4 scorpions
  A water moccasin skeleton (D:10)
  25 killer bees
  7 wights
  A howler monkey (D:8)
  5 jellies
  2 quasits (D:7)
  10 hounds
  19 orc priests
  A bullfrog skeleton (D:5)
  6 bullfrog zombies
  26 orc wizards
  3 gnoll shamans
  2 iguanas
  A harpy zombie (Vaults:2)
  8 worker ants
  A hound zombie (D:7)
  A worker ant zombie (D:9)
  10 adders
  31 gnolls
  A shadow imp (D:6)
  5 white imps
  4 ufetubi
  2 oozes
  5 worms
  2 dart slugs
  11 leopard geckos
  70 orcs
  7 giant cockroaches
  3 goblins
  6 hobgoblins
  8 jackals
  4 quokkas
  A ball python skeleton (D:4)
  13 bats
  10 frilled lizards
  A jackal skeleton (D:4)
  25 kobolds
  2 quokka skeletons
  12 rats
  2 bushes (Lair:6)
786 creatures vanquished.

Vanquished Creatures (collateral kills)
  Saint Roka (Vaults:1)
  Vashnia (Snake:4)
  Rupert (D:12)
  Jorgrun (D:13)
  3 acid blobs (Slime:1)
  A sphinx (Vaults:3)
  Roxanne (Snake:2)
  Frances (D:13)
  A fire giant (Vaults:2)
  8 nagarajas
  6 azure jellies
  4 vault wardens
  Aizul (Snake:4)
  A ghoul (D:13)
  A frost giant (Vaults:3)
  Louise (D:15)
  2 ironheart preservers (Vaults:2)
  3 very ugly things (Vaults:2)
  4 stone giants (Vaults:2)
  A vampire knight (Vaults:2)
  2 deep elf demonologists (Vaults:2)
  2 fire dragons
  4 yaktaur captains
  12 naga warriors
  Josephine (Snake:1)
  4 vault guards
  3 rakshasas
  4 boulder beetles
  A great orb of eyes (Vaults:2)
  An ice dragon (Vaults:2)
  4 hydras
  An anaconda (Snake:2)
  5 two-headed ogres
  6 centaur warriors
  A death knight (Vaults:2)
  2 catoblepae
  3 ogre magi
  5 death yaks
  A tengu warrior (D:15)
  The ghost of thiole the Fighter, a novice OpWz of Gozag (D:11)
  2 orc high priests (Orc:2)
  A deep troll earth mage (Vaults:2)
  11 naga sharpshooters
  Urug (D:13)
  4 shock serpents
  4 deep elf knights
  5 spriggans
  4 skeletal warriors (D:13)
  3 unseen horrors (D:12)
  A salamander mystic (Snake:4)
  4 deep trolls
  4 naga ritualists
  A death drake (shapeshifter) (Vaults:3)
  5 ironbrand convokers
  6 harpies
  3 deep elf archers
  2 flayed ghosts (Vaults:1)
  2 phantasmal warriors
  4 salamanders
  6 mana vipers
  3 oklob plants
  9 orc knights
  20 ugly things
  3 orc sorcerers
  5 deep elf magi
  A cyclops (D:15)
  A shining eye (Lair:6)
  3 manticores
  6 centaur zombies
  3 guardian serpents
  12 elephants
  13 black mambas
  21 naga magi
  A torpor snail (Lair:2)
  3 cane toads
  6 vault sentinels
  2 centaur skeletons
  2 kobold demonologists (D:13)
  A rime drake (Lair:1)
  2 komodo dragons
  2 freezing wraiths
  18 yaktaurs
  2 polar bears
  4 trolls
  4 hornets
  A slime creature (shapeshifter) (Vaults:2)
  7 blink frogs
  28 slime creatures
  6 dream sheep
  3 shadows
  6 wraiths
  A vampire (D:10)
  19 yaks
  A fire elemental (D:14)
  A wyvern (D:14)
  2 hogs (Lair:4)
  A redback simulacrum (D:14)
  2 vampire mosquitoes (D:12)
  4 wargs
  3 acid dragons
  25 nagas
  A soldier ant (D:13)
  2 hell hounds (D:13)
  6 water moccasins
  A water moccasin (shapeshifter) (D:12)
  3 ice beasts
  A phantom (D:12)
  20 orc warriors
  2 sky beasts (D:7)
  2 black bears
  A necrophage (D:9)
  4 eyes of draining
  4 wolves
  10 centaurs
  6 ogres
  3 boggarts
  2 big kobolds
  5 bullfrogs
  A gnoll sergeant (D:7)
  A deep troll simulacrum (Vaults:1)
  A wyvern zombie (D:13)
  4 scorpions
  5 killer bees
  6 wights
  3 howler monkeys
  3 bullfrog zombies
  2 quasits
  2 hounds (D:7)
  5 jellies
  2 bullfrog skeletons
  8 orc priests
  3 orc wizards
  2 gnoll shamans (D:7)
  6 worker ants
  11 gnolls (D:7)
  2 adders
  2 leopard geckos
  36 orcs
  A jackal (D:7)
  A quokka (D:7)
  3 kobolds (D:13)
619 creatures vanquished.

Vanquished Creatures (others)
  A profane servitor (Snake:4)
  4 ghouls
  A vampire knight (Slime:1)
  2 skeletal warriors
  2 flayed ghosts
  6 phantasmal warriors
  10 flying skulls
  3 wraiths
  5 vampires
  5 dancing weapons
  A guardian serpent zombie (Snake:4)
  2 wights
  A wolf spider zombie (Vaults:2)
  2 ugly thing zombies (D:12)
  2 orc wizards
  A stone giant zombie (Orc:2)
  6 death yak zombies
  2 elf zombies
  2 hydra zombies
  2 mummies
  A cane toad skeleton (Lair:6)
  3 dream sheep zombies
  A harpy zombie (Vaults:2)
  A black mamba zombie (Snake:2)
  A vampire mosquito zombie (D:12)
  A black mamba skeleton (Lair:6)
  2 cyclops zombies
  4 bullfrog zombies
  2 blink frog zombies (Lair:2)
  5 elephant zombies
  4 komodo dragon zombies
  A lindwurm zombie (Lair:4)
  A manticore zombie (D:12)
  A troll zombie (D:14)
  A warg zombie (Orc:2)
  2 water moccasin zombies
  21 yak zombies
  5 cane toad zombies
  A hog zombie (Lair:4)
  A rime drake zombie (Lair:2)
  A giant cockroach (D:4)
  2 polar bear zombies
  4 spriggan zombies (Lair:6)
  2 adder zombies
  A big kobold zombie (D:12)
  2 black bear zombies
  A centaur skeleton (D:14)
  4 centaur zombies
  19 gnoll zombies (D:7)
  A hound zombie (D:7)
  A howler monkey zombie (D:7)
  4 human zombies
  A jackal zombie (D:7)
  5 killer bee zombies
  2 kobold zombies (D:9)
  A leopard gecko zombie (D:4)
  4 naga zombies
  3 ogre zombies
  2 orc skeletons (D:4)
  30 orc zombies
  2 scorpion zombies
  A wolf skeleton (Lair:6)
  10 wolf zombies
  A worker ant zombie (D:12)
  119 fungi
  123 plants
  4 withered plants (D:13)
469 creatures vanquished.

Grand Total: 1874 creatures vanquished

Notes
Turn   | Place    | Note
-------+----------+-------------------------------------------
     0 | D:1      | promet the Gnoll Monk began the quest for the Orb.
     0 | D:1      | Reached XP level 1. HP: 23/23 MP: 1/1
    98 | D:1      | Reached XP level 2. HP: 23/29 MP: 2/2
   321 | D:1      | Reached XP level 3. HP: 35/35 MP: 3/3
   765 | D:2      | Reached skill level 1 in Invocations
   852 | D:2      | Reached skill level 1 in Short Blades
   852 | D:2      | Reached skill level 1 in Long Blades
   852 | D:2      | Reached skill level 1 in Axes
   852 | D:2      | Reached skill level 1 in Maces & Flails
   852 | D:2      | Reached skill level 1 in Polearms
   852 | D:2      | Reached skill level 1 in Staves
   852 | D:2      | Reached skill level 1 in Slings
   852 | D:2      | Reached skill level 1 in Bows
   852 | D:2      | Reached skill level 1 in Crossbows
   852 | D:2      | Reached skill level 1 in Throwing
   852 | D:2      | Reached skill level 1 in Armour
   852 | D:2      | Reached skill level 1 in Shields
   852 | D:2      | Reached skill level 1 in Spellcasting
   852 | D:2      | Reached skill level 1 in Evocations
   888 | D:2      | Reached XP level 4. HP: 41/41 MP: 5/5
   907 | D:2      | Found a stormy altar of Qazlal.
  1652 | D:2      | Found a bloodstained altar of Trog.
  1684 | D:2      | Reached skill level 1 in Conjurations
  1684 | D:2      | Reached skill level 1 in Hexes
  1684 | D:2      | Reached skill level 1 in Summonings
  1684 | D:2      | Reached skill level 1 in Necromancy
  1684 | D:2      | Reached skill level 1 in Translocations
  1684 | D:2      | Reached skill level 1 in Transmutations
  1684 | D:2      | Reached skill level 1 in Fire Magic
  1684 | D:2      | Reached skill level 1 in Ice Magic
  1684 | D:2      | Reached skill level 1 in Air Magic
  1684 | D:2      | Reached skill level 1 in Earth Magic
  1684 | D:2      | Reached skill level 1 in Poison Magic
  2238 | D:3      | Noticed Sigmund
  2267 | D:3      | Killed Sigmund
  2268 | D:3      | Reached XP level 5. HP: 30/47 MP: 5/7
  2268 | D:3      | Reached XP level 6. HP: 34/53 MP: 5/8
  2703 | D:3      | Found a faded altar of an unknown god.
  3439 | D:4      | Found a staircase to the Ecumenical Temple.
  3442 | D:4      | Found a snail-covered altar of Cheibriados.
  3483 | D:4      | Reached XP level 7. HP: 46/59 MP: 10/10
  3533 | Temple   | Entered the Ecumenical Temple
  3713 | Temple   | Became a worshipper of Yredelemnul the Dark
  3713 | Temple   | Reached * piety under Yredelemnul
  3713 | Temple   | Reached ** piety under Yredelemnul
  4555 | D:5      | Entered Level 5 of the Dungeon
  4671 | D:5      | Found Waavaqes's Jewellery Shop.
  4920 | D:5      | Found Cakyalar's Distillery.
  4927 | D:5      | Bought a potion of heal wounds for 50 gold pieces
  5124 | D:5      | Reached skill level 5 in Stealth
  5137 | D:5      | Found Raugh's Magic Scroll Shop.
  5143 | D:5      | Bought a scroll of enchant weapon for 105 gold pieces
  5567 | D:6      | Got a distressingly furry ring mail
  5578 | D:6      | Identified the +3 ring mail of Filth {rN+ Dex+2} (You found
                  | it on level 6 of the Dungeon)
  5620 | D:6      | Gained mutation: You have a pair of small horns on your
                  | head. [potion of mutation]
  5620 | D:6      | Gained mutation: You have large cloven feet. [potion of
                  | mutation]
  5629 | D:6      | Reached XP level 8. HP: 44/67 MP: 12/12
  5815 | D:6      | Identified the +8 whip of Twilight {flame, rN+ Dex+3} (You
                  | found it on level 6 of the Dungeon)
  6371 | D:6      | Reached *** piety under Yredelemnul
  6605 | D:6      | Noticed Blork the orc
  6644 | D:6      | Killed Blork the orc
  6826 | D:6      | Reached XP level 9. HP: 72/72 MP: 14/14
  6878 | D:6      | Learned a level 1 spell: Pain
  8264 | D:7      | Found a white marble altar of Elyvilon.
  8312 | D:7      | Reached **** piety under Yredelemnul
  8320 | D:7      | Reached skill level 5 in Invocations
  8474 | D:7      | Received a gift from Yredelemnul (a mummy)
  8901 | D:7      | Learned a level 2 spell: Ensorcelled Hibernation
  8953 | D:7      | Reached XP level 10. HP: 61/80 MP: 14/17
  9144 | D:7      | Found a hide-covered altar of Uskayaw.
  9518 | D:7      | Reached skill level 5 in Short Blades
  9518 | D:7      | Reached skill level 5 in Long Blades
  9518 | D:7      | Reached skill level 5 in Axes
  9518 | D:7      | Reached skill level 5 in Maces & Flails
  9518 | D:7      | Reached skill level 5 in Polearms
  9518 | D:7      | Reached skill level 5 in Staves
  9518 | D:7      | Reached skill level 5 in Slings
  9518 | D:7      | Reached skill level 5 in Bows
  9518 | D:7      | Reached skill level 5 in Crossbows
  9518 | D:7      | Reached skill level 5 in Throwing
  9518 | D:7      | Reached skill level 5 in Armour
  9518 | D:7      | Reached skill level 5 in Shields
  9518 | D:7      | Reached skill level 5 in Spellcasting
  9518 | D:7      | Reached skill level 5 in Evocations
  9772 | D:7      | Learned a level 3 spell: Tukima's Dance
 10018 | D:8      | Received a gift from Yredelemnul (a wight)
 10632 | D:8      | Found an ancient bone altar of Kikubaaqudgha.
 10740 | D:8      | Found a staircase to the Lair.
 11240 | D:9      | Paralysed by a hornet for 1 turns
 11498 | D:9      | Noticed Maggie
 11518 | D:9      | Killed Maggie
 12026 | D:9      | Reached ***** piety under Yredelemnul
 12102 | D:9      | Found a broken altar of Ashenzari.
 12224 | D:9      | Received a gift from Yredelemnul (a wight)
 12299 | D:9      | Found a radiant altar of Vehumet.
 12415 | D:9      | Found a shimmering altar of Xom.
 12744 | D:10     | Entered Level 10 of the Dungeon
 12807 | D:10     | Noticed Psyche
 12812 | D:10     | Killed Psyche
 12812 | D:10     | Received a gift from Yredelemnul (a mummy)
 12813 | D:10     | Reached XP level 11. HP: 87/87 MP: 19/19
 12891 | D:10     | Learned a level 1 spell: Magic Dart
 12894 | D:10     | Learned a level 2 spell: Slow
 13046 | D:10     | Reached skill level 5 in Conjurations
 13046 | D:10     | Reached skill level 5 in Hexes
 13046 | D:10     | Reached skill level 5 in Summonings
 13046 | D:10     | Reached skill level 5 in Necromancy
 13046 | D:10     | Reached skill level 5 in Translocations
 13046 | D:10     | Reached skill level 5 in Transmutations
 13046 | D:10     | Reached skill level 5 in Fire Magic
 13046 | D:10     | Reached skill level 5 in Ice Magic
 13046 | D:10     | Reached skill level 5 in Air Magic
 13046 | D:10     | Reached skill level 5 in Earth Magic
 13046 | D:10     | Reached skill level 5 in Poison Magic
 13048 | D:10     | Your ally Psyche died
 14120 | D:10     | Received a gift from Yredelemnul (5 flying skulls)
 14298 | D:5      | Bought the ring of Darkness {rF+ Str-3 Int+2 Dex+3 SInv}
                  | for 365 gold pieces
 14412 | D:10     | Noticed an unseen horror
 14443 | D:10     | Killed an unseen horror
 14582 | D:10     | Found a portal to a secret trove of treasure.
 14798 | D:10     | Noticed an unseen horror
 14811 | D:10     | Killed an unseen horror
 15196 | Lair:1   | Entered Level 1 of the Lair of Beasts
 15362 | Lair:1   | Noticed a seven-headed hydra
 15362 | Lair:1   | Noticed an eight-headed hydra
 15395 | D:8      | Killed a seven-headed hydra
 16008 | D:8      | Killed an eight-headed hydra
 16612 | D:11     | Received a gift from Yredelemnul (2 flying skulls)
 16830 | D:11     | Found a staircase to the Orcish Mines.
 16838 | D:11     | Found Jeoxku's Jewellery Shoppe.
 16878 | D:11     | Identified the +4 flail "Dustruaq" {vorpal, +Blink Str+4}
                  | (You found it on level 11 of the Dungeon)
 16907 | D:11     | Found Oduymn's Antique Weapon Shoppe.
 17053 | D:11     | Received a gift from Yredelemnul (3 flying skulls)
 17092 | D:11     | Noticed a red ugly thing
 17104 | D:11     | Killed a red ugly thing
 17139 | D:11     | Noticed a four-headed hydra
 17142 | D:11     | Killed a four-headed hydra
 17143 | D:11     | Reached XP level 12. HP: 96/96 MP: 22/22
 17184 | D:11     | Noticed Erica
 17191 | D:11     | Killed Erica
 17195 | D:11     | Found Fupratz's Weapon Emporium.
 17253 | D:11     | Found Bojioner's General Store.
 17265 | D:11     | Found a runed translucent door.
 17276 | D:11     | Identified the +7 spear of Defilement {vorpal, +Inv Will+
                  | Int+4 Dex+2}
 17276 | D:11     | Noticed thiole's ghost (novice OpWz)
 17845 | Lair:1   | Noticed Joseph
 17853 | Lair:1   | Killed Joseph
 19020 | Lair:1   | Noticed a five-headed hydra
 19023 | Lair:1   | Killed a five-headed hydra
 19565 | Lair:2   | You are sucked into a shaft and drop 1 floor!
 19566 | Lair:3   | Noticed a four-headed hydra
 19572 | Lair:3   | Killed a four-headed hydra
 19578 | Lair:3   | Noticed a five-headed hydra
 19941 | Lair:2   | Reached skill level 10 in Fighting
 19941 | Lair:2   | Reached skill level 10 in Dodging
 19941 | Lair:2   | Reached skill level 10 in Unarmed Combat
 19955 | Lair:2   | Learned a level 2 spell: Poisonous Vapours
 20414 | Lair:2   | Received a gift from Yredelemnul (a wraith)
 20841 | Lair:3   | Killed a five-headed hydra
 20866 | Lair:3   | Reached XP level 13. HP: 90/103 MP: 22/24
 22257 | Lair:3   | Found a staircase to the Snake Pit.
 22417 | Lair:3   | Identified the cursed +0 scale mail "Etiergh" {*Drain rCorr
                  | Str+10 Slay-5} (You found it on level 3 of the Lair of
                  | Beasts)
 23082 | Lair:4   | Found a gate leading to a gauntlet.
 23260 | D:5      | Bought a +4 ring of protection for 396 gold pieces
 24705 | Lair:4   | Received a gift from Yredelemnul (a phantasmal warrior)
 25534 | Lair:5   | Noticed Kirke
 25756 | Lair:4   | Received a gift from Yredelemnul (a vampire)
 25963 | Lair:5   | Killed Kirke
 26024 | Lair:5   | Noticed Snorg
 26046 | Lair:5   | Your ally Kirke died
 26048 | Lair:5   | Killed Snorg
 27120 | Lair:3   | Reached XP level 14. HP: 78/111 MP: 22/26
 27871 | Lair:6   | Entered Level 6 of the Lair of Beasts
 29113 | Lair:5   | Reached skill level 10 in Stealth
 29615 | Lair:6   | Found a runed translucent door.
 29803 | Lair:5   | Reached skill level 10 in Invocations
 29968 | Lair:6   | Found a viscous altar of Jiyva.
 29970 | Lair:6   | Noticed an azure jelly
 30259 | Lair:6   | Found a shimmering altar of Xom.
 30465 | Lair:5   | Received a gift from Yredelemnul (a wraith)
 30980 | Lair:6   | Noticed an azure jelly
 32105 | Lair:6   | Learned a level 3 spell: Stone Arrow
 32109 | Lair:6   | Learned a level 3 spell: Vampiric Draining
 32115 | Lair:6   | Learned a level 5 spell: Agony
 33721 | Lair:6   | Upgraded the game from 0.26.0-45-g9c1d065592 to
                  | 0.26.0-57-g60708a5e39
 34287 | Lair:6   | Found a staircase to the Slime Pits.
 34287 | Lair:6   | Noticed an azure jelly
 34958 | Orc:1    | Entered Level 1 of the Orcish Mines
 35390 | Orc:2    | Entered Level 2 of the Orcish Mines
 35634 | Orc:2    | Found a staircase to the Elven Halls.
 35773 | Orc:2    | Found a shimmering blue altar of Sif Muna.
 35791 | Orc:2    | Noticed a stone giant
 35805 | Orc:2    | Killed a stone giant
 35806 | Orc:2    | Reached XP level 15. HP: 119/119 MP: 20/28
 35818 | Orc:2    | Received a gift from Yredelemnul (a phantasmal warrior)
 36514 | Orc:2    | Found Lewu's Assorted Antiques.
 36857 | Orc:2    | Received a gift from Yredelemnul (a wraith)
 37439 | Orc:2    | Received a gift from Yredelemnul (a skeletal warrior)
 38085 | Orc:1    | Received a gift from Yredelemnul (a vampire)
 38303 | Orc:2    | Received a gift from Yredelemnul (a vampire knight)
 38397 | Orc:2    | Reached skill level 10 in Short Blades
 38397 | Orc:2    | Reached skill level 10 in Long Blades
 38397 | Orc:2    | Reached skill level 10 in Axes
 38397 | Orc:2    | Reached skill level 10 in Maces & Flails
 38397 | Orc:2    | Reached skill level 10 in Polearms
 38397 | Orc:2    | Reached skill level 10 in Staves
 38397 | Orc:2    | Reached skill level 10 in Slings
 38397 | Orc:2    | Reached skill level 10 in Bows
 38397 | Orc:2    | Reached skill level 10 in Crossbows
 38397 | Orc:2    | Reached skill level 10 in Throwing
 38397 | Orc:2    | Reached skill level 10 in Armour
 38397 | Orc:2    | Reached skill level 10 in Shields
 38397 | Orc:2    | Reached skill level 10 in Spellcasting
 38397 | Orc:2    | Reached skill level 10 in Evocations
 38430 | Orc:2    | Identified Sif Muna's Volume of the Snowflakes
 38872 | Orc:2    | Found Hesom's Book Emporium.
 38872 | Orc:2    | Found Duypt's Gadget Emporium.
 38873 | Orc:2    | Found Ziareidd's General Store.
 38873 | Orc:2    | Found Avue's Weapon Emporium.
 39118 | Orc:1    | Learned a level 2 spell: Call Imp
 39121 | Orc:1    | Learned a level 2 spell: Blink
 39280 | Orc:1    | Found a roughly hewn altar of Beogh.
 40229 | D:12     | Received a gift from Yredelemnul (a ghoul)
 40372 | D:12     | Killed Rupert
 40878 | D:12     | Got a pair of jewelled boots
 40890 | D:12     | Identified the cursed -4 pair of boots "Lifeani" {-Cast
                  | Str+4 Dex+6} (You found it on level 12 of the Dungeon)
 40968 | D:12     | Noticed Fannar
 40980 | D:12     | Killed Fannar
 41026 | D:12     | Received a gift from Yredelemnul (a vampire)
 41344 | D:12     | Learned a level 2 spell: Wereblood
 41441 | D:12     | Got an ichor-stained trident
 41442 | D:12     | Identified the +9 trident "Dragonslayer" {flame, +Rage
                  | rPois rF- Str+2 Int+3} (You took it off an ogre mage on
                  | level 12 of the Dungeon)
 41795 | D:13     | Noticed Jorgrun
 41811 | D:13     | Killed Jorgrun
 41996 | D:13     | Received a gift from Yredelemnul (a flayed ghost)
 42086 | D:13     | Noticed Azrael
 42103 | D:13     | Killed Azrael
 42105 | D:13     | Received a gift from Yredelemnul (a profane servitor)
 42256 | D:13     | Noticed a ghoul
 42267 | D:13     | Killed a ghoul
 43142 | D:13     | Noticed Nessos
 43155 | D:13     | Killed Nessos
 43479 | D:13     | Noticed Urug
 43488 | D:13     | Killed Urug
 43489 | D:13     | Reached XP level 16. HP: 120/127 MP: 27/30
 43852 | D:13     | Noticed Frances
 43859 | D:13     | Killed Frances
 44874 | D:14     | Received a gift from Yredelemnul (a skeletal warrior)
 44960 | D:14     | Received a gift from Yredelemnul (a profane servitor)
 45796 | D:14     | Received a gift from Yredelemnul (a profane servitor)
 46464 | D:14     | Found a gate to the Vaults.
 46511 | D:15     | Entered Level 15 of the Dungeon
 46536 | D:15     | Noticed Louise
 46543 | D:15     | Killed Louise
 46673 | D:15     | Found a stormy altar of Qazlal.
 46836 | D:15     | Got a distressingly furry ring mail
 46847 | D:15     | Identified the +3 ring mail of Zeysy {Dex+3} (You found it
                  | on level 15 of the Dungeon)
 46931 | D:15     | Found a staircase to the Depths.
 47037 | D:15     | Reached ****** piety under Yredelemnul
 47136 | D:15     | Found Ginuusch's Armour Shop.
 47269 | D:15     | Received a gift from Yredelemnul (a vampire)
 47871 | Snake:1  | Entered Level 1 of the Snake Pit
 47908 | Snake:1  | Upgraded the game from 0.26.0-57-g60708a5e39 to
                  | 0.26.0-90-g5fd8617961
 48272 | Snake:1  | Noticed a nagaraja
 48281 | Snake:1  | Noticed a nagaraja
 48421 | Snake:1  | Noticed Josephine
 48433 | Snake:1  | Killed Josephine
 48442 | Snake:1  | Received a gift from Yredelemnul (a skeletal warrior)
 48482 | Snake:1  | Noticed a nagaraja
 48483 | Snake:1  | Found a radiant altar of Vehumet.
 48485 | Snake:1  | Noticed a nagaraja
 48488 | Snake:1  | Found a transporter.
 49206 | Snake:2  | Found Xuymmog's Gadget Emporium.
 49358 | Snake:2  | Found Quureudi's Assorted Antiques.
 49360 | Snake:2  | Found Myson's Distillery.
 49364 | Snake:2  | Bought a condenser vane for 520 gold pieces
 49373 | Snake:2  | Bought a potion of heal wounds for 80 gold pieces
 49373 | Snake:2  | Bought a potion of heal wounds for 80 gold pieces
 49373 | Snake:2  | Bought a potion of heal wounds for 80 gold pieces
 49407 | Snake:2  | Received a gift from Yredelemnul (a phantasmal warrior)
 49814 | Snake:2  | Received a gift from Yredelemnul (a ghoul)
 49966 | Snake:2  | Upgraded the game from 0.26.0-90-g5fd8617961 to
                  | 0.26.0-91-g99b343417d
 50058 | Snake:2  | Noticed a nagaraja
 50070 | Snake:2  | Identified Roxanne's Volume of Clay
 50070 | Snake:2  | Noticed Roxanne
 50079 | Snake:2  | Killed a nagaraja
 50083 | Snake:2  | Killed Roxanne
 50105 | Snake:2  | Reached XP level 17. HP: 116/135 MP: 32/32
 50162 | Snake:2  | Learned a level 1 spell: Beastly Appendage
 50758 | Snake:3  | Received a gift from Yredelemnul (a ghoul)
 51001 | Snake:3  | Found a shimmering altar of Xom.
 51169 | Snake:3  | Received a gift from Yredelemnul (a vampire)
 51746 | Snake:4  | Entered Level 4 of the Snake Pit
 52018 | Snake:4  | Learned a level 5 spell: Bolt of Magma
 52827 | Snake:4  | Upgraded the game from 0.26.0-91-g99b343417d to 0.26.1
 52876 | Snake:4  | Noticed Vashnia
 52880 | Snake:4  | Received a gift from Yredelemnul (a flayed ghost)
 52886 | Snake:4  | Killed Vashnia
 53282 | Snake:4  | Noticed Aizul
 53307 | Snake:4  | Killed Aizul
 53349 | Snake:4  | Your ally Aizul died
 53896 | Snake:4  | Received a gift from Yredelemnul (a ghoul)
 54793 | Snake:4  | Got a serpentine rune of Zot
 55183 | Orc:2    | Bought a pair of gloves for 162 gold pieces
 55859 | D:11     | Bought an uncursed ring of ice for 425 gold pieces
 56041 | Lair:6   | Reached skill level 10 in Conjurations
 56041 | Lair:6   | Reached skill level 10 in Hexes
 56041 | Lair:6   | Reached skill level 10 in Summonings
 56041 | Lair:6   | Reached skill level 10 in Necromancy
 56041 | Lair:6   | Reached skill level 10 in Translocations
 56041 | Lair:6   | Reached skill level 10 in Transmutations
 56041 | Lair:6   | Reached skill level 10 in Fire Magic
 56041 | Lair:6   | Reached skill level 10 in Ice Magic
 56041 | Lair:6   | Reached skill level 10 in Air Magic
 56041 | Lair:6   | Reached skill level 10 in Earth Magic
 56041 | Lair:6   | Reached skill level 10 in Poison Magic
 56168 | Slime:1  | Entered Level 1 of the Pits of Slime
 56171 | Slime:1  | Noticed an acid blob
 56180 | Slime:1  | Killed an acid blob
 56191 | Lair:6   | Received a gift from Yredelemnul (a profane servitor)
 56440 | Slime:1  | Gained mutation: You are frail. (-10% HP) [a shining eye]
 56450 | Lair:6   | Received a gift from Yredelemnul (a skeletal warrior)
 56678 | Slime:1  | Noticed an acid blob
 56686 | Slime:1  | Received a gift from Yredelemnul (a vampire knight)
 56687 | Slime:1  | Killed an acid blob
 57003 | Slime:1  | Noticed an acid blob
 57024 | Slime:1  | Killed an acid blob
 57070 | Slime:1  | Noticed an acid blob
 57093 | Slime:1  | Killed an acid blob
 57671 | Vaults:1 | Entered Level 1 of the Vaults
 57676 | Vaults:1 | Reached XP level 18. HP: 128/128 MP: 33/33
 57784 | Vaults:1 | Found Menoem's Gadget Shop.
 58141 | Vaults:1 | Noticed Saint Roka
 58147 | Vaults:1 | Received a gift from Yredelemnul (a vampire)
 58153 | Vaults:1 | Killed Saint Roka
 58337 | Vaults:1 | Learned a level 3 spell: Gell's Gravitas
 58352 | Vaults:1 | Identified the +9 great sword of Urgency {freeze, Int+3}
                  | (You found it on level 1 of the Vaults)
 59492 | Vaults:2 | Received a gift from Yredelemnul (a phantasmal warrior)
 59782 | Vaults:2 | Noticed a Hell Sentinel
 60107 | Vaults:2 | Received a gift from Yredelemnul (a phantasmal warrior)
 60211 | Vaults:2 | Received a gift from Yredelemnul (a vampire)
 60691 | Vaults:2 | Found a staircase to the Crypt.
 60710 | Vaults:2 | Paralysed by a vampire knight for 2 turns
 63983 | D:11     | Killed thiole's ghost
 64013 | D:11     | Bought a scroll of enchant armour for 105 gold pieces
 64013 | D:11     | Bought a scroll of enchant armour for 105 gold pieces
 64232 | Snake:2  | Bought a potion of might for 64 gold pieces
 65032 | Vaults:3 | Received a gift from Yredelemnul (a vampire)
 65180 | Vaults:3 | Reached XP level 19. HP: 125/133 MP: 30/35
 65270 | Vaults:3 | Received a gift from Yredelemnul (a phantasmal warrior)
 65807 | Vaults:3 | Identified the cursed +1 robe of the Lion {*Contam Harm
                  | Str+7 Dex+9}
 65816 | Vaults:3 | Received a gift from Yredelemnul (a vampire)
 67075 | Slime:2  | Gained mutation: Your body sometimes deteriorates upon
                  | taking damage. [a shining eye]
 67077 | Slime:2  | Paralysed by a floating eye for 2 turns
 67079 | Slime:2  | Gained mutation: You are dopey. (Int -2) [a shining eye]
 67084 | Slime:2  | Paralysed by a floating eye for 2 turns
 67088 | Slime:2  | Paralysed by a floating eye for 3 turns
 67184 | Slime:2  | Received a gift from Yredelemnul (a phantasmal warrior)
 67461 | Slime:2  | HP: 4/136 [acid (13)]
 67462 | Slime:2  | Killed from afar by an acid blob

Illustrated notes

Levels and vault maps discovered:
D:1:      psy_arrival_whirlpool, layout_basic, minmay_lizard_king
D:2:      layout_basic, lemuel_crystal_altar, nicolae_qazlal_general_emergency
D:3:      layout_loops_cross, chequers_ecumenical_altar_grove, uniq_sigmund
D:4:      layout_loops_ring, cheibriados_altar_1, minmay_temple_entry_overgrown
D:5:      layout_basic, serial_shops, kennysheep_little_box, shop, shop
D:6:      layout_gridville, uniq_blork_the_orc
D:7:      minmay_bubble_buster, layout_cave_pools,
          nicolae_overflow_crystal_walls, overflow_temple_1_default,
          serial_gnoll_camp, gnoll_camp_huts_basic, gnoll_camp_mini_basic,
          gnoll_camp_medium_02, gnoll_camp_mini_sergeant, gnoll_camp_medium_01
D:8:      layout_cave_pools, kiku_gazebo_pond_becter,
          grunt_lair_entry_orc_guard_hut
D:9:      layout_basic, vehumet_crystals, kennysheep_mini_moat,
          nicolae_ashenzari_panopticon, uniq_maggie
D:10:     layout_basic, nicolae_trove_entry_isolated, special_room
          [special_room_bee], uniq_psyche
D:11:     layout_roguey, david_orc_3, ebering_ghost_funeral_grove, serial_shops,
          nicolae_shop_trees, nicolae_shop_behind_doors, nicolae_shop_trees,
          shop, st_stairs_14, hangedman_abyss_or_decor_clamps, uniq_erica
D:12:     minmay_the_grid_square_5x5_5x5 [minmay_the_grid_square_5x5_bracketed,
          minmay_the_grid_square_5x5_hollow_slash, minmay_the_grid_square_5x5_v,
          minmay_the_grid_square_5x5_broken_cross,
          minmay_the_grid_square_5x5_trominoes,
          minmay_the_grid_square_5x5_n_small,
          minmay_the_grid_square_5x5_prize_deathbox,
          minmay_the_grid_square_5x5_empty,
          minmay_the_grid_square_5x5_prize_rear_guard,
          minmay_the_grid_square_5x5_doubleslash,
          minmay_the_grid_square_5x5_intrusive_squares,
          minmay_the_grid_square_5x5_spiral,
          minmay_the_grid_square_5x5_prize_monsterx,
          minmay_the_grid_square_5x5_shuriken,
          minmay_the_grid_square_5x5_two_small, minmay_the_grid_square_5x5_bite,
          minmay_the_grid_square_5x5_prize_junk,
          minmay_the_grid_square_5x5_one_wall,
          minmay_the_grid_square_5x5_prize_pseudospiral,
          minmay_the_grid_square_5x5_corner, minmay_the_grid_square_5x5_two,
          minmay_the_grid_square_5x5_spiral_small,
          minmay_the_grid_square_5x5_empty,
          minmay_the_grid_square_5x5_half_checkered,
          minmay_the_grid_square_5x5_two_walls_b], layout_rooms, uniq_rupert,
          uniq_fannar
D:13:     layout_stronghold, serial_undead, serial_undead_f, serial_undead_a,
          serial_undead_a, serial_undead_f, minmay_misc_feat_tower, drop_trap,
          hangedman_decor_slide_cut, uniq_jorgrun, uniq_nessos, uniq_frances,
          uniq_urug, uniq_azrael
D:14:     layout_big_octagon, david_vaults_5, solitary_fountain
D:15:     hangedman_depths_entry_civil_slaughter, layout_basic,
          lemuel_crystal_altar, serial_shops, shop, grunt_tough_drop,
          uniq_louise
Temple:   nicolae_temple_no_exploring_needed
Lair:1:   layout_layer_cave, infiniplex_staircase_pool, lemuel_fruit_tree,
          grunt_megastairs_4, uniq_joseph
Lair:2:   layout_hall_layers, grunt_megastairs_2, minmay_lair_oklob_chamber
Lair:3:   layout_chaotic_city, minmay_shoals_entry_hut,
          minmay_snake_entry_guardpost_medium, serial_bayou_pond_b,
          lemuel_fruit_fields
Lair:4:   layout_loops_ring, gauntlet_entry_generic, minmay_lair_oklob_items,
          serial_bayou_pond_c
Lair:5:   layout_regular_city, serial_bayou_shore_b, serial_bayou_shore_a,
          infiniplex_staircase_pool_2, serial_bayou_shore_b, uniq_kirke,
          uniq_snorg
Lair:6:   minmay_lair_end_enchanted_forest, layout_layer_cave, slime_altar_2,
          basic_altar, minmay_lair_oklob_bushes
Snake:1:  gammafunk_sealed_library, layout_grid_maze, uniq_josephine
Snake:2:  layout_rooms, minmay_shop_star, grunt_megastairs_5, uniq_roxanne
Snake:3:  skrybe_snakes_to_sticks, layout_grid_maze
Snake:4:  snake_pit, layout_cave_town, nicolae_snake_serpentine_hallways,
          nicolae_snake_linked_coils, uniq_aizul, uniq_vashnia
Slime:1:  layout_caves
Slime:2:  cheibrodos_slime_lost_civilization_3, layout_caves,
          cheibrodos_slime_lost_civilization_5
Orc:1:    layout_caves, basic_altar, guppyfry_library_mini
Orc:2:    st_orc_pillars, layout_caves, special_room, serial_shops, shop,
          led_sif_book
Vaults:1: vaults_room_stairs_pillars, v_alt_pattern_1, v_misc_19,
          nicolae_vaults_alarming, hangedman_vaults_cutoff,
          nicolae_vaults_mini_display_case, v_misc_8, nicolae_vaults_theta,
          ontoclasm_vaults_fault, vaults_room_door_ring, grunt_vaults_focal,
          layout_vaults_omnibox, serial_shops, nicolae_shop_behind_doors,
          uniq_saint_roka
Vaults:2: v_misc_30, hangedman_vaults_maws, grunt_vaults_hallway_short,
          v_pattern_2, vaults_mumra_hex, nicolae_vaults_asterisk,
          vaults_dpeg_diagonal, nicolae_vaults_rhombus_5, ontoclasm_vaults_spin,
          layout_vaults_omnigrid, minmay_crypt_entry_simple_round
Vaults:3: nicolae_vaults_theta, ontoclasm_vaults_ring_large,
          vaults_room_octagon, vaults_room_semicircle, v_misc_4,
          hangedman_vaults_river_flow, v_rooms_2, dpeg_vaults_monster_row,
          st_lattice, v_alt_pattern_4, hangedman_vaults_stagger,
          nicolae_vaults_little_squares_3, grunt_vaults_hallway_long,
          layout_vaults_maze_snakey

Skill      XL: |  1  2  3  4  5  6  7  8  9 10 11 12 13 14 15 16 17 18 19 |
---------------+----------------------------------------------------------+-----
Invocations    | 1 2 3 4 5 6 7 8 9 10 11 12 13 | 13.7
Short Blades   | 1 2 3 4 5 6 7 8 9 10 11 12 | 12.7
Long Blades    | 1 2 3 4 5 6 7 8 9 10 11 12 | 12.7
Axes           | 1 2 3 4 5 6 7 8 9 10 11 12 | 12.7
Maces & Flails | 1 2 3 4 5 6 7 8 9 10 11 12 | 12.7
Polearms       | 1 2 3 4 5 6 7 8 9 10 11 12 | 12.7
Staves         | 1 2 3 4 5 6 7 8 9 10 11 12 | 12.7
Slings         | 1 2 3 4 5 6 7 8 9 10 11 12 | 12.7
Bows           | 1 2 3 4 5 6 7 8 9 10 11 12 | 12.7
Crossbows      | 1 2 3 4 5 6 7 8 9 10 11 12 | 12.7
Throwing       | 1 2 3 4 5 6 7 8 9 10 11 12 | 12.7
Armour         | 1 2 3 4 5 6 7 8 9 10 11 12 | 12.7
Shields        | 1 2 3 4 5 6 7 8 9 10 11 12 | 12.7
Spellcasting   | 1 2 3 4 5 6 7 8 9 10 11 12 | 12.7
Evocations     | 1 2 3 4 5 6 7 8 9 10 11 12 | 12.7
Conjurations   | 1 2 3 4 5 6 7 8 9 10 | 10.9
Hexes          | 1 2 3 4 5 6 7 8 9 10 | 10.9
Summonings     | 1 2 3 4 5 6 7 8 9 10 | 10.9
Necromancy     | 1 2 3 4 5 6 7 8 9 10 | 10.9
Translocations | 1 2 3 4 5 6 7 8 9 10 | 10.9
Transmutations | 1 2 3 4 5 6 7 8 9 10 | 10.9
Fire Magic     | 1 2 3 4 5 6 7 8 9 10 | 10.9
Ice Magic      | 1 2 3 4 5 6 7 8 9 10 | 10.9
Air Magic      | 1 2 3 4 5 6 7 8 9 10 | 10.9
Earth Magic    | 1 2 3 4 5 6 7 8 9 10 | 10.9
Poison Magic   | 1 2 3 4 5 6 7 8 9 10 | 10.9
Fighting       | 7 8 9 10 11 12 13 14 | 14.0
Dodging        | 7 8 9 10 11 12 13 14 | 14.0
Unarmed Combat | 7 8 9 10 11 12 13 14 | 14.0
Stealth        | 5 6 7 8 9 10 11 12 13 | 13.3

Action                   |  1- 3 |  4- 6 |  7- 9 | 10-12 | 13-15 | 16-18 | 19-21 || total
-------------------------+-------+-------+-------+-------+-------+-------+-------++-------
Melee: Unarmed           |    77 |   148 |   364 |   535 |   811 |   431 |    46 ||  2412
       Bite              |    10 |    19 |    41 |    63 |   185 |   149 |    17 ||   484
       Short sword       |    13 |    16 |    14 |       |       |       |       ||    43
       Punch             |     1 |     5 |     1 |       |     7 |    38 |       ||    52
       Kick              |       |       |    49 |       |       |       |       ||    49
       Headbutt          |       |       |    60 |   150 |   323 |   231 |    28 ||   792
       Whip              |       |       |     8 |     3 |     8 |       |       ||    19
       Dagger            |       |       |     9 |    53 |       |       |       ||    62
       Spear             |       |       |       |     6 |    66 |       |       ||    72
       Staff             |       |       |       |    39 |    72 |   169 |       ||   280
       Rapier            |       |       |       |     5 |   110 |    62 |    35 ||   212
       Flail             |       |       |       |       |     2 |       |       ||     2
       Trident           |       |       |       |       |       |    25 |    28 ||    53
       Great sword       |       |       |       |       |       |    13 |       ||    13
 Fire: Hunting sling     |       |       |    37 |     7 |   134 |     5 |       ||   183
       Longbow           |       |       |       |       |     5 |    31 |       ||    36
       Hand crossbow     |       |       |       |       |       |       |     9 ||     9
Throw: Stone             |       |       |     3 |     5 |     1 |       |       ||     9
       Dart              |       |       |       |     3 |    37 |       |       ||    40
       Boomerang         |       |       |       |       |    22 |       |       ||    22
 Cast: Pain              |       |       |     2 |    43 |    54 |     1 |       ||   100
       Magic Dart        |       |       |       |    25 |   121 |     9 |     4 ||   159
       Poisonous Vapours |       |       |       |     1 |   167 |    61 |     2 ||   231
       Ensorcelled Hiber |       |       |       |       |    10 |     1 |       ||    11
       Tukima's Dance    |       |       |       |       |    27 |    19 |       ||    46
       Agony             |       |       |       |       |    19 |    14 |     1 ||    34
       Call Imp          |       |       |       |       |    15 |    10 |       ||    25
       Stone Arrow       |       |       |       |       |     8 |     7 |       ||    15
       Wereblood         |       |       |       |       |     1 |     2 |       ||     3
       Vampiric Draining |       |       |       |       |     1 |       |       ||     1
       Blink             |       |       |       |       |       |     1 |       ||     1
       Bolt of Magma     |       |       |       |       |       |    16 |     4 ||    20
       Gell's Gravitas   |       |       |       |       |       |     1 |       ||     1
Invok: Animate Remains   |       |       |     3 |       |       |       |       ||     3
       Animate Dead      |       |       |    13 |    37 |   105 |    41 |     8 ||   204
       Injury Mirror     |       |       |       |     1 |     2 |       |       ||     3
       Drain Life        |       |       |       |     1 |       |       |       ||     1
       Recall Undead Sla |       |       |       |     2 |     5 |    14 |     4 ||    25
 Abil: Evoke Blink       |       |       |       |       |     3 |       |       ||     3
Evoke: Wand              |       |     1 |     3 |     5 |    18 |     7 |     1 ||    35
       Phial of floods   |       |       |       |     1 |     1 |       |       ||     2
       Condenser vane    |       |       |       |       |       |     2 |     1 ||     3
  Use: Scroll            |     1 |     6 |     9 |     9 |    19 |    15 |     3 ||    62
       Potion            |     1 |     3 |     6 |     5 |    10 |     2 |     1 ||    28
 Stab: Sleeping          |     9 |     8 |     9 |    31 |    29 |    30 |     9 ||   125
       Distracted        |       |       |     2 |     7 |    23 |    18 |       ||    50
       Invisible         |       |       |       |     1 |     2 |       |       ||     3
       Paralysed         |       |       |       |       |     1 |     3 |       ||     4
Armor: Robe              |    18 |    18 |    38 |    14 |       |       |       ||    88
       Ring mail         |       |       |    13 |       |    80 |    77 |     9 ||   179
       Skin              |       |       |     1 |       |       |       |       ||     1
       Acid dragon scale |       |       |       |    97 |   142 |    46 |       ||   285
       Leather armour    |       |       |       |       |     2 |       |       ||     2
Dodge: Dodged            |    76 |    98 |   281 |   427 |   742 |   612 |    38 ||  2274
       Repelled          |       |       |       |       |       |    23 |     5 ||    28
Block: Buckler           |       |       |   225 |   394 |   584 |       |       ||  1203
       Reflection        |       |       |    20 |     8 |    31 |       |       ||    59
       Other             |       |       |       |       |     2 |       |       ||     2
       Tower shield      |       |       |       |       |       |   217 |    80 ||   297
       Rpst.: Falchion   |       |       |       |       |     5 |       |       ||     5
       Great sword       |       |       |       |       |       |     8 |       ||     8
